 Dungeon Crawl Stone Soup version 0.18-a0-1312-gf98331d (webtiles) character file.

42 Reinor the Ducker (level 3, -1/19 HPs)
             Began as a Spriggan Abyssal Knight on Feb 14, 2016.
             Was a Follower of Lugonu.
             Slain by a worm (6 damage)
             ... on level 2 of the Dungeon.
             The game lasted 00:02:48 (1278 turns).

Reinor the Ducker (Spriggan Abyssal Knight)         Turns: 1278, Time: 00:02:48

Health: -1/19      AC:  2    Str:  8    XL:     3   Next: 33%
Magic:  5/5        EV: 18    Int: 14    God:    Lugonu [*.....]
Gold:   27         SH:  0    Dex: 15    Spells: 0 memorised, 2 levels left

rFire  . . .     SeeInvis +     a - +1 short sword
rCold  . . .     Gourm    .     b - +0 robe
rNeg   . . .     Faith    .     (shield restricted)
rPois  .         Spirit   .     (helmet restricted)
rElec  .         Dismiss  .     (no cloak)
rCorr  .         Reflect  .     (gloves unavailable)
SustAt .         Harm     .     (boots unavailable)
MR     .....                    (no amulet)
Stlth  +++.......               (no ring)
                                (no ring)

@: very slightly contaminated, invisible, very quick, not resistant to hostile
enchantments, fairly stealthy
A: unfitting armour, see invisible, herbivore 3, speed 3, slow metabolism 2
a: Depart the Abyss, Renounce Religion


You were on level 2 of the Dungeon.
You worshipped Lugonu.
Lugonu was aware of your devotion.
You were not hungry.

You visited 1 branch of the dungeon, and saw 2 of its levels.
You visited the Abyss 1 time.

You collected 27 gold pieces.

Inventory:

Hand Weapons
 a - a +1 short sword (weapon)
Armour
 b - a +0 robe (worn)
Scrolls
 d - 2 scrolls of remove curse
Potions
 g - a potion of heal wounds {unknown}
 h - a potion of brilliance {unknown}
Comestibles
 c - a bread ration
 f - 2 fruits


   Skills:
 - Level 2.4 Fighting
 + Level 3.2 Short Blades
 - Level 3.5 Dodging
 + Level 3.5 Stealth
 - Level 1.7 Invocations


You had 2 spell levels left.
You didn't know any spells.

Dungeon Overview and Level Annotations

Branches:
Dungeon (2/15)

Altars:


Innate Abilities, Weirdness & Mutations

You are tiny and cannot use many weapons and most armour.
You have supernaturally acute eyesight.
You are an herbivore.
You cover ground extremely quickly.
You need consume almost no food.


Message History

Drink which item? (? for menu, Esc to quit)
It was a potion of invisibility.
You fade into invisibility!
You are very lightly contaminated with residual magic.
You barely miss the kobold. The kobold misses you.
You barely miss the kobold. The kobold completely misses you.
You barely miss the kobold. The kobold misses you.
You barely miss the kobold.
The kobold hits you with an enchanted short sword.
* * * LOW HITPOINT WARNING * * *
You strike the helpless kobold from behind!
You puncture the kobold!
You kill the kobold!
Lugonu accepts your kill.
You hit the worm.
The worm is severely wounded.
You hit the worm.
The worm is severely wounded.
The worm bites you.
You die...

.......####.##...#### ####
.....##..###.>...## ####...
..##............## #....##
....##...........####.#####
#......................##
####.$###..#...........(.
#..###................
.#####..##...#......#.###..
.........w@.....[<..#.##..#
.......#.#.........)..#..##
..####..$####......)#...###
# #..### ##............#
...# #........###.. #..#
###.###....... ... #..
#.#..... .... # .....##.
..###.##.


You could see a worm.

Vanquished Creatures
  An adder (D:2)
  A giant gecko (D:1)
  3 ball pythons
  2 goblins (D:1)
  8 hobgoblins
  5 jackals (D:2)
  2 bats (D:1)
  3 giant newts (D:1)
  A kobold (D:2)
  2 rats
28 creatures vanquished.

Notes
Turn   | Place    | Note
--------------------------------------------------------------
     0 | Abyss:1  | Reinor the Spriggan Abyssal Knight began the quest for the Orb.
     0 | Abyss:1  | Reached XP level 1. HP: 11/11 MP: 3/3
    55 | Abyss:2  | Noticed a crimson imp
    68 | Abyss:2  | Noticed a worldbinder
    75 | Abyss:2  | Noticed a mottled draconian
    76 | Abyss:2  | Noticed a chaos spawn
    79 | D:1      | Escaped the Abyss
   508 | D:1      | Reached skill level 1 in Stealth
   540 | D:1      | Reached XP level 2. HP: 14/16 MP: 4/4
   561 | D:1      | Reached * piety under Lugonu
  1179 | D:2      | Reached XP level 3. HP: 15/19 MP: 5/5
  1278 | D:2      | Slain by a worm

Vault maps used:
D:1:      mushboom_english_gardens, minmay_misc_feat_five
D:2:      lemuel_doored_altar, ecumenical_altar_2

Action                   || total
-------------------------++-------
Melee: Short sword       ||   108
Invok: Depart the Abyss  ||     1
  Use: Scroll            ||     1
       Potion            ||     1
 Stab: Sleeping          ||     6
       Distracted        ||     1
       Invisible         ||     1
